Workbook
Name ¿Quiénes_están_inscritos_dentro_del_sistema__incluye_desinscr___: #REF!
Name ¿Quiénes_están_inscritos_dentro_del_sistema__incluye_desinscr___: #REF!
Name ¿Quiénes_están_inscritos_dentro_del_sistema__incluye_desinscr___: #REF!
Name ActividadRE: #REF!
Name ActividadRE: #REF!
Name ActividadRE: #REF!
Name ALMUERZO: '[1]Resumen Preparaciones'!$C$52:$C$113
Name almuerzocena: '[1]Resumen Preparaciones'!$C$52:$C$141
Name Calidad: [2]PERSONAL!$P$58
Name Campamento: [2]PERSONAL!$P$122
Name CostoDirectoObra: #REF!
Name CostoDirectoObra: #REF!
Name CostoDirectoObra: #REF!
Name CuantostieneEdSuperior: #REF!
Name CuantostieneEdSuperior: #REF!
Name CuantostieneEdSuperior: #REF!
Name Decision: [3]lista!$A$6:$A$7
Name Decision: [3]lista!$A$6:$A$7
Name Decision: [3]lista!$A$6:$A$7
Name Decision: [4]lista!$A$6:$A$7
Name Dedicacion: '[5]Tal Humano'!#REF!
Name Dedicacion: '[5]Tal Humano'!#REF!
Name Dedicacion: '[5]Tal Humano'!#REF!
Name desayuno: '[1]Resumen Preparaciones'!$C$5:$C$50
Name DESAYUNOS: '[1]Resumen Preparaciones'!$C$5:$C$33
Name DeseanCapacitacionEn: #REF!
Name DeseanCapacitacionEn: #REF!
Name DeseanCapacitacionEn: #REF!
Name DESINSCRITOS: #REF!
Name DESINSCRITOS: #REF!
Name DESINSCRITOS: #REF!
Name DISTRIBUCIONPORTIPOCONTRATO: #REF!
Name DISTRIBUCIONPORTIPOCONTRATO: #REF!
Name DISTRIBUCIONPORTIPOCONTRATO: #REF!
Name Ed_cons_empr_CodEntidad: #REF!
Name Ed_cons_empr_CodEntidad: #REF!
Name Ed_cons_empr_CodEntidad: #REF!
Name Ed_emp_codemp: #REF!
Name Ed_emp_codemp: #REF!
Name Ed_emp_codemp: #REF!
Name EdSuperior2: #REF!
Name EdSuperior2: #REF!
Name EdSuperior2: #REF!
Name EdSuperior3: #REF!
Name EdSuperior3: #REF!
Name EdSuperior3: #REF!
Name Empresa: #REF!
Name Empresa: #REF!
Name Empresa: #REF!
Name Ensayos: [2]PERSONAL!$P$100
Name EstadoMadCabFamilia: #REF!
Name EstadoMadCabFamilia: #REF!
Name EstadoMadCabFamilia: #REF!
Name Estrategia: [6]Tablas!$F$2:$F$34
Name Fuente: [6]Tablas!$D$2:$D$10
Name Funcionario: [7]frmFuncionario!#REF!
Name Funcionario: [7]frmFuncionario!#REF!
Name Funcionario: [7]frmFuncionario!#REF!
Name GruporUPS: #REF!
Name GruporUPS: #REF!

Sheet TODO INCLUIDO
B9: SOLICITUD DE COTIZACIÓN
B11: EMPRESA: | F11: CONTACTO:
B12: CARGO: | F12: E-MAIL:
B13: TELÉFONO: | F13: FECHA:
B15: Instrucciones para el diligenciamiento del formato de cotización
B16: • Por favor diligenciar solo las celdas en AMARILLO. Se deben llenar todas las casillas. • Revisar todos los requerimientos que se exponen en el documento "Ficha de Condiciones Técnicas Alquiler" y Anexos; y formular su cotización en concordancia con este. • Asignar precio sin incluir el IVA en las celdas de la columna "F" y asignar la tarifa de IVA que corresponda en las celdas de la columna "G" • El valor de la cotización deber ser expresado en PESOS COLOMBIANOS. • Los valores unitarios deberán aproximarse por exceso o por defecto al entero más cercano. Si la cifra no está aproximada y aparece con centavos, el ICBF aproximará al entero inferior. • No modificar, agregar o quitar ningún ítem o sub-ítem.
B17: Notas: (1) El tiempo de alquiler estimado para la Unidad Móvil es de 8 meses. (2) El tiempo estimado para realizar la adecuación de la Unidad Móvil es de 2 meses. (3) El tiempo de operación estimado es de seis (6) meses, contados a partir de la entrega de la Unidad Móvil de atención tipo bus, con la adecuación y funcionamiento de equipos y bienes que la integran de conformidad con las características establecidas en la Ficha de Condiciones Técnicas Alquiler (FCT), y no podrá superar el 31 de diciembre de 2014.
B19: SERVICIO DE ALQUILER, ADECUACIÓN Y OPERACIÓN DE UNA (1) UNIDAD MÓVIL DE ATENCIÓN TIPO BUS, DE CONFORMIDAD CON LAS CARACTERÍSTICAS ESTABLECIDAS EN EL ANEXO FICHA DE CONDICIONES TÉCNICAS ALQUILER (FCT)
B22: DESCRIPCIÓN | C22: Unidad de medida | D22: Cantidad Unidades Móviles | E22: Meses (Notas 1, 2 y 3) | F22: Valor unitario antes de IVA | G22: Tarifa IVA (%) | H22: Valor unitario incluido IVA | I22: Valor Total
B23: Alquiler Unidad Móvil | C23: Mes | D23: 1 | E23: 8 | H23: =F23*(1+G23) -> 0 | I23: =+H23*D23*E23 -> 0
B24: Adecuación Unidad Móvil | C24: Unidad | D24: 1 | E24: Valor Global | H24: =F24*(1+G24) -> 0 | I24: =+H24*D24 -> 0
B25: Operación Unidad Móvil | C25: Mes | D25: 1 | E25: 6 | H25: =F25*(1+G25) -> 0 | I25: =+H25*D25*E25 -> 0
B27: TOTAL COTIZACIÓN | I27: =SUM(I23:I25) -> 0
B29: La presente cotización:
B30: • Incluye todos los costos y gastos directos e indirectos en que debe incurrir el contratista durante la ejecución del contrato de acuerdo con las especificaciones de la Ficha de Condiciones Técnicas, las obligaciones tributarias de acuerdo con las normas aplicables para el tipo de servicio y contrato correspondiente, y los costos de las pólizas. • Se remite como parte del estudio de mercado, previo a la contratación, y no implica ninguna obligación de contratar. • Tiene una vigencia de 90 días a partir de la fecha de diligenciamiento.
B31: Inscripción en el Registro Único de Proponentes: Las personas naturales y jurídicas, nacionales o extranjeras, con domicilio en Colombia, interesadas en participar en procesos de contratación convocados por las entidades estatales, deben estar inscritas en el RUP, salvo las excepciones previstas de forma taxativa en la ley (Artículo 8 del Decreto 1510 de 2013). Se aclara que esta inscripción no se requiere para remitir cotización durante el estudio de mercado.

Sheet COMPRA Y ADECUACION
B9: SOLICITUD DE COTIZACIÓN
B11: EMPRESA: | C11: =+'TODO INCLUIDO'!C11:E11 -> 0 | F11: CONTACTO: | G11: =+'TODO INCLUIDO'!G11:I11 -> 0
B12: CARGO: | C12: =+'TODO INCLUIDO'!C12:E12 -> 0 | F12: E-MAIL: | G12: =+'TODO INCLUIDO'!G12:I12 -> 0
B13: TELÉFONO: | C13: =+'TODO INCLUIDO'!C13:E13 -> 0 | F13: FECHA: | G13: =+'TODO INCLUIDO'!G13:I13 -> 0
B15: Instrucciones para el diligenciamiento del formato de cotización
B16: • Por favor diligenciar solo las celdas en AMARILLO. Se deben llenar todas las casillas. • Revisar todos los requerimientos que se exponen en el documento "Ficha de Condiciones Técnicas Compra" y formular su cotización en concordancia con este. • Asignar precio sin incluir el IVA en las celdas de la columna "F" y asignar la tarifa de IVA que corresponda en las celdas de la columna "G" • El valor de la cotización deber ser expresado en PESOS COLOMBIANOS. • Los valores unitarios deberán aproximarse por exceso o por defecto al entero más cercano. Si la cifra no está aproximada y aparece con centavos, el ICBF aproximará al entero inferior. • No modificar, agregar o quitar ningún ítem o sub-ítem.
B17: Nota: (1) El tiempo estimado para realizar la adecuación y entrega de la Unidad Móvil de atención tipo bus es de seis (6) meses.
B19: COMPRA Y ADECUACIÓN DE UNA (1) UNIDAD MÓVIL DE ATENCIÓN TIPO BUS, DE CONFORMIDAD CON LAS CARACTERÍSTICAS ESTABLECIDAS EN EL ANEXO FICHA DE CONDICIONES TÉCNICAS COMPRA (FCT)
B22: DESCRIPCIÓN | C22: Unidad de medida | D22: Cantidad Unidades Móviles | E22: Meses (Nota 1) | F22: Valor unitario antes de IVA | G22: Tarifa IVA (%) | H22: Valor unitario incluido IVA | I22: Valor Total
B23: Valor Unidad Móvil | C23: Unidad | D23: 1 | E23: Valor Global | H23: =F23*(1+G23) -> 0 | I23: =+H23*D23 -> 0
B24: Adecuación Unidad Móvil | C24: Unidad | D24: 1 | E24: Valor Global | H24: =F24*(1+G24) -> 0 | I24: =+H24*D24 -> 0
B26: TOTAL COTIZACIÓN | I26: =SUM(I23:I24) -> 0
B28: La presente cotización:
B29: • Incluye todos los costos y gastos directos e indirectos en que debe incurrir el contratista durante la ejecución del contrato de acuerdo con las especificaciones de la Ficha de Condiciones Técnicas, las obligaciones tributarias de acuerdo con las normas aplicables para el tipo de servicio y contrato correspondiente, y los costos de las pólizas. • Se remite como parte del estudio de mercado, previo a la contratación, y no implica ninguna obligación de contratar. • Tiene una vigencia de 90 días a partir de la fecha de diligenciamiento.
B30: Inscripción en el Registro Único de Proponentes: Las personas naturales y jurídicas, nacionales o extranjeras, con domicilio en Colombia, interesadas en participar en procesos de contratación convocados por las entidades estatales, deben estar inscritas en el RUP, salvo las excepciones previstas de forma taxativa en la ley (Artículo 8 del Decreto 1510 de 2013). Se aclara que esta inscripción no se requiere para remitir cotización durante el estudio de mercado.

Sheet OPERACION
B9: SOLICITUD DE COTIZACIÓN
B11: EMPRESA: | C11: =+'TODO INCLUIDO'!C11:E11 -> 0 | F11: CONTACTO: | G11: =+'TODO INCLUIDO'!G11:I11 -> 0
B12: CARGO: | C12: =+'TODO INCLUIDO'!C12:E12 -> 0 | F12: E-MAIL: | G12: =+'TODO INCLUIDO'!G12:I12 -> 0
B13: TELÉFONO: | C13: =+'TODO INCLUIDO'!C13:E13 -> 0 | F13: FECHA: | G13: =+'TODO INCLUIDO'!G13:I13 -> 0
B15: Instrucciones para el diligenciamiento del formato de cotización
B16: • Por favor diligenciar solo las celdas en AMARILLO. Se deben llenar todas las casillas. • Revisar todos los requerimientos que se exponen en el documento "Ficha de Condiciones Técnicas Alquiler" y Anexos; y formular su cotización en concordancia con este. • Asignar precio sin incluir el IVA en las celdas de la columna "F" y asignar la tarifa de IVA que corresponda en las celdas de la columna "G" • El valor de la cotización deber ser expresado en PESOS COLOMBIANOS. • Los valores unitarios deberán aproximarse por exceso o por defecto al entero más cercano. Si la cifra no está aproximada y aparece con centavos, el ICBF aproximará al entero inferior. • No modificar, agregar o quitar ningún ítem o sub-ítem.
B17: Nota: (1) El tiempo de operación estimado es de seis (6) meses.
B19: SERVICIO DE OPERACIÓN DE UNA (1) UNIDAD MÓVIL DE ATENCIÓN TIPO BUS, DE CONFORMIDAD CON LAS CARACTERÍSTICAS ESTABLECIDAS EN EL ANEXO FICHA DE CONDICIONES TÉCNICAS ALQUILER (FCT)
B22: DESCRIPCIÓN | C22: Unidad de medida | D22: Cantidad Unidades Móviles | E22: Meses (Nota 1) | F22: Valor unitario antes de IVA | G22: Tarifa IVA (%) | H22: Valor unitario incluido IVA | I22: Valor Total
B23: Operación Unidad Móvil | C23: Mes | D23: 1 | E23: 6 | H23: =F23*(1+G23) -> 0 | I23: =+H23*D23*E23 -> 0
B25: TOTAL COTIZACIÓN | I25: =SUM(I23:I23) -> 0
B27: La presente cotización:
B28: • Incluye todos los costos y gastos directos e indirectos en que debe incurrir el contratista durante la ejecución del contrato de acuerdo con las especificaciones de la Ficha de Condiciones Técnicas, las obligaciones tributarias de acuerdo con las normas aplicables para el tipo de servicio y contrato correspondiente, y los costos de las pólizas. • Se remite como parte del estudio de mercado, previo a la contratación, y no implica ninguna obligación de contratar. • Tiene una vigencia de 90 días a partir de la fecha de diligenciamiento.
B29: Inscripción en el Registro Único de Proponentes: Las personas naturales y jurídicas, nacionales o extranjeras, con domicilio en Colombia, interesadas en participar en procesos de contratación convocados por las entidades estatales, deben estar inscritas en el RUP, salvo las excepciones previstas de forma taxativa en la ley (Artículo 8 del Decreto 1510 de 2013). Se aclara que esta inscripción no se requiere para remitir cotización durante el estudio de mercado.

Sheet POLIZAS
B9: CONCEPTOS A TENER EN CUENTA
B12: El presente cuadro es de carácter informativo, no se debe diligenciar. Sin embargo se entiende que la cotización incluye la totalidad de los conceptos relacionados a continuación.
B14: POLIZAS PARA LEGALIZACIÓN DEL CONTRATO
B16: CONCEPTO | D16: COBERTURA | E16: PLAZO (En Meses)
B17: Garantía de Seriedad de la oferta | D17: 0.1 | E17: Plazo de Ejecución
B18: Cumplimiento | D18: 0.2 | E18: Plazo de ejecución + 4 meses mas
B19: Salarios, Prestaciones | D19: 0.1 | E19: Plazo de ejecución + 36 meses mas
B20: Calidad de los Servicios | D20: 0.2 | E20: Plazo de ejecución + 4 meses mas
B21: Responsabilidad civil extracontraactual | D21: 0.1 | E21: Plazo de Ejecución
B22: Cobertura: Corresponde al porcentaje del valor total del contrato a amparar.

Sheet INFO GENERAL Y FINANCIERA
B8: Formato Información General Y Financiera De Proveedores
B10: Ciudad | E10: Fecha Dd/mm/aa | G10: Persona Natural
G11: Persona Juridica
B12: 1. Información General
B13: 1.1. Identificación.
B14: Personas naturales | C14: Nombre Comercial | F14: Nombres y Apellidos | H14: Cédula
B16: Personas juridicas | C16: Razón Social | F16: NIT | H16: DV
B18: Dirección | F18: Teléfono | G18: Fax | H18: Ciudad
B20: Pagina Web | F20: Años de Constitucion | G20: Sector al que pertenece
B22: 1.2. Personas De Contacto
B23: Gerente General | D23: E-mail | F23: Telefono | G23: Ext. | H23: Celular
B25: Director Comercial | D25: E-mail | F25: Telefono | G25: Ext. | H25: Celular
B27: Asesor Comercial | D27: E-mail | F27: Telefono | G27: Ext. | H27: Celular
B29: 1.3. Productos Y Servicios Inscritos En El Rup De Acuerdo Con El Unspsc
B30: Incluir Listado Con Breve Descripción De Los Produtos Y/o Servicios Que Ofrece La Compañía, Registrados En El Rup (agregue Las Filas Necesarias) | H30: Código de Naciones Unidas
B36: 1.4. Códigos CIIU | H36: 1.5. Número De Empleados
B37: Código De Actividad | C37: Descripción Actividad Económica CIIU | G37: Tarifa ICA
B41: 2. Información Financiera - A Diciembre 31 De 2012
B42: Nombre Del Indicador | E42: Cuenta | F42: Valores En Pesos | G42: Indicador
B43: Capacidad Financiera | C43: indice De Liquidez | E43: Activo Corriente --> | G43: =+IFERROR(F43/F44,0) -> 0 | H43: Veces
E44: Pasivo Corriente -->
C45: Indice De Endeudamiento | E45: Pasivo Total--> | G45: =+IFERROR(F45/F46,0) -> 0 | H45: Porcentaje
E46: Activo Total-->
C47: Razón De Cobertura De Intereses | E47: Utilidad Operacional--> | G47: =+IFERROR(F47/F48,0) -> 0 | H47: Veces
E48: Gastos De Interes-->
B49: Capacidad Organizacional | C49: Rentabilidad Del Patrimonio | E49: Utilidad Operacional--> | G49: =+IFERROR(F49/F50,0) -> 0 | H49: Porcentaje
E50: Patrimonio-->
C51: Rentabilidad Del Activo | E51: Utilidad Operacional--> | G51: =+IFERROR(F51/F52,0) -> 0 | H51: Porcentaje
E52: Activo Total-->
B53: Nota: Para las empresas inspeccionadas, vigiladas o controladas por la Supersociedades, la información consignada en este numeral sera validada con la reportada a la Supersociedades y disponible para consulta en Intenet mediante el Sistema de Información y Riesgo Empresarial de la Supersociedades (SIREM). Si se evidencian diferencias en los valores consignados en este formato y los reportados a la Supersociedades se tomará como referencia la información del SIREM.
B54: Otra informacion relevante de la empresa (consigne en este espacio otra información que considere de interés)

Sheet INFO EXPERIENCIA
B8: EXPERIENCIA EN CONTRATACION EN LOS ULTIMOS 5 AÑOS
B9: EXPERIENCIA EN CONTRATACION EN LOS ULTIMOS 5 AÑOS
B10: Con el fin de conocer la experiencia con la que cuentan las empresas del sector relacionada con el objeto del presente estudio de mercado, agradecemos diligenciar el cuadro que sigue:
B12: Tipo de entidad | C12: Entidad o Empresa | D12: Numero del contrato | E12: Objeto del contrato | F12: Fecha de suscripción (dd/mmm/aa) | G12: Plazo de ejecución (en años) | H12: Forma de participación (UT, consorcio, individual) | I12: % de participación | J12: Valor total ejecutado del contrato
B22: Nota: Agregar las filas necesarias para reportar la experiencia
